 Dungeon Crawl Stone Soup version 0.27-a0-1193-g8631133539 (webtiles) character file.

Game seed: 1648797363111332329

618 senseless the Chopper (level 7, -1/61 HPs)
             Began as a Minotaur Fighter on May 26, 2021.
             Was a Priest of Wu Jian.
             Killed by nerve-wracking pain
             ... invoked by an orc priest
              (8 damage)
             ... on level 4 of the Dungeon.
             The game lasted 00:12:49 (4326 turns).

senseless the Chopper (Minotaur Fighter)            Turns: 4326, Time: 00:12:50

Health: -1/61      AC:  8    Str: 22    XL:     7   Next: 21%
Magic:  6/6        EV:  8    Int:  5    God:    Wu Jian [***...]
Gold:   184        SH:  0    Dex: 10    Spells: 6/6 levels left

rFire    . . .     SeeInvis .   a - +0 war axe
rCold    . . .     Faith    .   c - +0 kite shield
rNeg     . . .     Spirit   .   b - +0 scale mail
rPois    .         Reflect  .   (helmet restricted)
rElec    .         Harm     .   h - scarf {shadows}
rCorr    .         Rampage  .   k - +0 pair of gloves
Will     .....                  (no boots)
Stlth    ..........             (no amulet)
HPRegen  0.20/turn              (no ring)
MPRegen  0.10/turn              (no ring)

@: confused
A: horns 2, retaliatory headbutt
a: Renounce Religion, Wall Jump, Serpent's Lash


You were on level 4 of the Dungeon.
You worshipped Wu Jian.
Wu Jian was most pleased with you.
You visited 1 branch of the dungeon, and saw 4 of its levels.
You also visited: Sewer.

You collected 184 gold pieces.

Inventory:

Hand Weapons
 a - a +0 war axe (weapon)
Armour
 b - a +0 scale mail (worn)
 c - a +0 kite shield (worn)
 h - a scarf of shadows (worn)
 k - a +0 pair of gloves (worn)
Jewellery
 n - a ring of flight
Wands
 e - a wand of flame (13)
Scrolls
 f - 2 scrolls of teleportation
 m - a scroll of fear
Potions
 d - 2 potions of might
 g - a potion of attraction
 i - a potion of curing
 j - a potion of haste
 l - a potion of heal wounds {unknown}
 o - a potion of flight {unknown}


   Skills:
 + Level 5.0 Fighting
 + Level 6.3 Axes
 + Level 5.8 Armour
 + Level 1.4 Dodging
 + Level 0.5 Stealth
 + Level 5.1 Shields


You had 6 spell levels left.
You didn't know any spells.
Your spell library contained the following spells:

 Spells                   Type           Power      Damage    Failure   Level
 Beastly Appendage        Tmut           0%         N/A       99%         1
 Summon Small Mammal      Summ           0%         N/A       99%         1
 Call Imp                 Summ           0%         N/A       100%        2
 Wereblood                Tmut           0%         N/A       100%        2
 Call Canine Familiar     Summ           0%         N/A       100%        3
 Spider Form              Tmut/Pois      0%         N/A       100%        3
 Summon Guardian Golem    Hex/Summ       0%         N/A       100%        3
 Ice Form                 Ice/Tmut       0%         N/A       100%        4
 Summon Ice Beast         Ice/Summ       0%         N/A       100%        4
 Summon Lightning Spire   Summ/Air       0%         N/A       100%        4
 Hydra Form               Tmut           0%         N/A       100%        5


Dungeon Overview and Level Annotations

Branches:
Dungeon (4/15)              Sewer (visited)
 Temple: D:4-7

Altars:
Wu Jian
The Shining One

Shops:
D:1 (


Innate Abilities, Weirdness & Mutations

You have a pair of horns on your head.
You reflexively headbutt those who attack you in melee.


Message History

An orc priest comes into view. It is wielding a +0 falchion.
The orc priest calls down the wrath of Beogh upon you.
Beogh smites you!
You see here 21 gold pieces.
The orc priest calls down the wrath of Beogh upon you.
Beogh smites you!
You slash the orc wizard! Your headbutt misses the orc wizard.
The orc wizard is heavily wounded.
You block the orc wizard's attack.
You spin to attack the orc wizard, but your attack speed is too slow for a blow to land.
You lunge at the orc priest.
You slash the orc priest! You headbutt the orc priest.
The orc priest is almost dead.
The orc priest invokes the aid of Beogh against you.
Pain shoots through your body!
You hit the orc priest but do no damage.
The orc priest is almost dead.
You hit the orc wizard but do no damage.
The orc wizard gestures at itself while chanting.
The orc wizard flickers and vanishes!
Deactivating autopickup; reactivate with Ctrl-A.
You block the orc priest's attack. Something hits you.
You barely miss something. Your headbutt misses something.
You barely miss the orc priest.
The orc priest looks braver for a moment.
You hear some strange, mumbled words.
You are confused.
The orc priest calls down the wrath of Beogh upon you.
Pain shoots through your body!
You hear some strange, mumbled words.
You are more confused.
The orc priest invokes the aid of Beogh against you.
Beogh smites you!
* * * LOW HITPOINT WARNING * * *
You hear a shout!
A hobgoblin and a dart slug come into view.
You hear a shout!
The orc priest invokes the aid of Beogh against you.
Pain shoots through your body!
You die...

###÷##.......#.........
.............+......o..
..##.§≈≈§§≈..##........
.....≈≈§§≈§..##..gwo...
....§§≈.§§§..##........
....§§≈§>≈≈.).##.......
....§§§≈§≈≈...##.###+#
#+#..≈≈§≈≈≈...##.o##.#
...§.......@....#
................#
................###
#...............$.#
................#
................#
................#
........... ...........


You could see an orc priest, a dart slug and a hobgoblin.

Vanquished Creatures
  Sigmund (D:3)
  A water moccasin (D:4)
  2 scorpions (D:4)
  A hound (D:4)
  A centaur skeleton (D:4)
  A hound skeleton (D:4)
  6 adders
  A river rat (D:3)
  2 orcs
  6 endoplasms
  3 giant cockroaches
  11 goblins
  7 hobgoblins
  9 jackals
  3 quokkas
  12 ball pythons
  4 bats
  9 frilled lizards
  15 kobolds
  7 rats
102 creatures vanquished.

Vanquished Creatures (others)
  A goblin (D:1)
  25 plants (Sewer)
26 creatures vanquished.

Grand Total: 128 creatures vanquished

Notes
Turn   | Place    | Note
-------+----------+-------------------------------------------
     0 | D:1      | senseless the Minotaur Fighter began the quest for the Orb.
     0 | D:1      | Reached XP level 1. HP: 19/19 MP: 0/0
   186 | D:1      | Reached XP level 2. HP: 23/27 MP: 1/1
   287 | D:1      | Found Niucvesa's Antique Weapon Shoppe.
  1337 | D:2      | Reached XP level 3. HP: 33/33 MP: 2/2
  1467 | D:2      | Reached skill level 3 in Axes
  2027 | D:2      | Found a faded altar of an unknown god.
  2078 | D:2      | Became a worshipper of the Wu Jian Council
  2078 | D:2      | Reached * piety under Wu Jian
  2328 | D:3      | Found a glowing drain.
  2342 | Sewer    | Entered a sewer
  2445 | Sewer    | Reached XP level 4. HP: 41/41 MP: 3/3
  2614 | Sewer    | Reached ** piety under Wu Jian
  2850 | Sewer    | Reached skill level 4 in Axes
  3237 | D:3      | Noticed Sigmund
  3256 | D:3      | HP: 2/41 [something (8)]
  3258 | D:3      | Killed Sigmund
  3259 | D:3      | Reached skill level 5 in Axes
  3259 | D:3      | Reached skill level 5 in Armour
  3259 | D:3      | Reached skill level 1 in Dodging
  3259 | D:3      | Reached XP level 5. HP: 7/47 MP: 4/4
  3259 | D:3      | Reached XP level 6. HP: 8/53 MP: 5/5
  4058 | D:4      | Found a glowing golden altar of the Shining One.
  4065 | D:4      | Noticed a water moccasin
  4093 | D:4      | Killed a water moccasin
  4093 | D:4      | Reached *** piety under Wu Jian
  4094 | D:4      | Reached skill level 5 in Fighting
  4097 | D:4      | Reached skill level 6 in Axes
  4097 | D:4      | Reached skill level 5 in Shields
  4097 | D:4      | Reached XP level 7. HP: 29/61 MP: 6/6
  4326 | D:4      | Killed from afar by an orc priest

Illustrated notes

Levels and vault maps discovered:
D:1:      dpeg_arrival_boxes_within_box, layout_basic, serial_shops,
          nicolae_shop_window_shopping, lemuel_flame_loot_1
D:2:      layout_basic, ebering_ecumenical_altar_box,
          minmay_misc_feat_four_crosses
D:3:      layout_loops_ring, portal_sewer_entry_e, uniq_sigmund
D:4:      layout_basic, general_overflow_altar

Skill      XL: |  1  2  3  4  5  6 |
---------------+-------------------+-----
Fighting       | 4 5 |  5.0
Armour         | 4 5 |  5.8
Shields        | 4 5 |  5.1
Axes           | 3 5 6 |  6.3
Dodging        | 1 |  1.4
Stealth        | |  0.5

Action                   |  1- 3 |  4- 6 |  7- 9 || total
-------------------------+-------+-------+-------++-------
Melee: War axe           |   114 |   125 |    17 ||   256
       Headbutt          |     9 |    18 |     8 ||    35
Invok: Lunge             |     3 |    12 |     1 ||    16
       Whirlwind         |     1 |     1 |       ||     2
  Use: Scroll            |     5 |     3 |       ||     8
       Potion            |       |     2 |       ||     2
Armor: Scale mail        |    60 |    46 |     8 ||   114
Dodge: Dodged            |    42 |    31 |     3 ||    76
Block: Kite shield       |    45 |    68 |    13 ||   126

Table legend: (Time is in decaauts)
 A = Elapsed time spent in this place.
 B = Non-inter-level travel time spent in this place.
 C = Inter-level travel time spent in this place.
 D = Time resting spent in this place.
 E = Time spent auto-exploring this place.
 F = Levels seen in this place.
 G = Mean time per level.
                   A        B        C        D        E       F      G
               +--------+--------+--------+--------+--------+-----+--------+
         Total |   4615 |   4479 |    136 |    547 |   3057 |   5 |  923.0 |
       Dungeon |   3710 |   3574 |    136 |    547 |   2486 |   4 |  927.5 |
         Sewer |    904 |    904 |      0 |      0 |    570 |   1 |  904.0 |
               +--------+--------+--------+--------+--------+-----+--------+

Top non-repeatable levels by time:
     D:1: 1291 daAuts
     D:3: 999 daAuts
   Sewer: 904 daAuts
     D:2: 886 daAuts
     D:4: 533 daAuts
